 Dungeon Crawl Stone Soup version 0.29-a0-284-gf9362112df (webtiles) character file.

Game seed: 11800348330190472874

4846 Warped the Cruncher (level 10, -11/47 (75) HPs)
             Began as a Formicid Fighter on Mar 22, 2022.
             Was a Believer of Makhleb.
             Killed by divine providence
             ... invoked by a meliai
              (14 damage)
             ... on level 9 of the Dungeon.
             The game lasted 00:31:31 (10286 turns).

Warped the Cruncher (Formicid Fighter)             Turns: 10286, Time: 00:31:31

HP:   -11/47 (75)   AC: 18    Str: 27    XL:     10   Next: 78%
MP:   10/10         EV:  9    Int:  9    God:    Makhleb [**....]
Gold: 772           SH: 10    Dex: 16    Spells: 9/9 levels left

rFire   . . .      SeeInvis +   a - +5 quarterstaff (elec)
rCold   . . .      Faith    .   c - +0 buckler
rNeg    . . .      Spirit   .   t - +0 plate armour of Niuff {-Tele Str+3 SInv}
rPois   .          Reflect  +   (helmet unavailable)
rElec   .          Harm     .   m - +0 cloak
rCorr   +          Rampage  .   r - +1 pair of gloves
Will    +....                   h - +0 pair of boots
Stlth   ..........              y - amulet of reflection
HPRegen 0.15/turn               z - ring of resist corrosion
MPRegen 0.12/turn               g - +6 ring of dexterity

@: very heavily drained
A: permanent stasis, dig shafts and tunnels, antennae 3, four strong arms
a: Dig, Shaft Self, Renounce Religion, Minor Destruction


You were on level 9 of the Dungeon.
You worshipped Makhleb.
Makhleb was pleased with you.
You visited 2 branches of the dungeon, and saw 11 of its levels.
You also visited: Sewer.

You collected 1376 gold pieces.
You spent 604 gold pieces at shops.

Inventory:

Hand Weapons
 a - a +5 quarterstaff of electrocution (weapon)
 b - a +1 quarterstaff of draining
 d - a +0 quarterstaff
 k - a +0 halberd
 n - a +0 arbalest
 v - a +3 battleaxe
 K - the +3 war axe of Muor {vorpal, rElec Int-4 Dex+7}
   (You found it on level 9 of the Dungeon)

   It inflicts extra damage upon your enemies.
   Int:       It affects your intelligence (-4).
   Dex:       It affects your dexterity (+7).
   rElec:     It insulates you from electricity.
Missiles
 j - 219 stones
 p - a curare-tipped dart
 w - 25 poisoned darts (quivered)
Armour
 c - a +0 buckler (worn)
 h - a +0 pair of boots (worn)
 m - a +0 cloak (worn)
 r - a +1 pair of gloves (worn)
 t - the +0 plate armour of Niuff (worn) {-Tele Str+3 SInv}
   (You found it on level 3 of the Dungeon)

   Str:       It affects your strength (+3).
   SInv:      It lets you see invisible.
   -Tele:     It prevents most forms of teleportation.
 B - a +0 scale mail
Magical Staves
 x - a staff of earth
Jewellery
 g - a +6 ring of dexterity (right hand)
 u - a ring of wizardry
 y - an amulet of reflection (around neck)
 z - a ring of resist corrosion (left hand)
 H - an amulet of the acrobat
 J - a +6 ring of intelligence
 N - a +6 ring of strength
Wands
 I - a wand of flame (10)
Scrolls
 f - 3 scrolls of magic mapping
 l - 3 scrolls of fog
 q - a scroll of amnesia
 A - a scroll of holy word
 L - 5 scrolls of identify
Potions
 e - a potion of cancellation
 o - 2 potions of lignification
 s - a potion of ambrosia
 D - 4 potions of flight
 E - 2 potions of attraction
 F - 2 potions of mutation
 G - a potion of brilliance


   Skills:
 - Level 5.6 Fighting
 * Level 11.2 Staves
 + Level 8.3 Armour
 + Level 5.5 Dodging
 - Level 4.3 Shields


You had 9 spell levels left.
You didn't know any spells.
Your spell library contained the following spells:

 Spells                   Type           Power      Damage    Failure   Level
 Beastly Appendage        Tmut           0%         N/A       99%         1
 Slow                     Hex            0%         N/A       99%         1
 Scorch                   Fire           0%         2d5       100%        2
 Wereblood                Tmut           0%         N/A       100%        2
 Confusing Touch          Hex            0%         N/A       100%        3
 Spider Form              Tmut/Pois      0%         N/A       100%        3
 Stone Arrow              Conj/Erth      0%         3d7       100%        3
 Vampiric Draining        Necr           0%         2d6       100%        3
 Animate Armour           Summ/Erth      0%         N/A       100%        4
 Flame Wave               Conj/Fire      0%         2d4       100%        4
 Summon Cactus Giant      Summ           0%         N/A       100%        6
 Lehudib's Crystal Spear  Conj/Erth      0%         10d2      100%        8


Dungeon Overview and Level Annotations

Branches:
Dungeon (10/15)            Temple (1/1) D:7           Sewer (visited)
   Lair: D:8-11         Orc: D:9-12

Altars:
Makhleb
Trog
Wu Jian
Yredelemnul

Shops:
D:1 =   D:5 *   D:10 (

Annotations:
D:9 1 runed translucent door


Innate Abilities, Weirdness & Mutations

You cannot be hasted, slowed, berserked, paralysed or teleported.
You can dig through walls and to a lower floor.
You have a pair of large antennae on your head. (SInv)
Your four strong arms can wield two-handed weapons with a shield.


Message History

Unknown command.
You miss the meliai.
The meliai is almost dead.
You feel very sick. You block the meliai's attack.
The meliai stings you but does no damage.
The meliai barely misses you. The meliai stings you.
You are lethally poisoned!
The meliai poisons you!
Unknown command.
You sock the meliai!
You kill the meliai!
Makhleb accepts your kill.
You feel very sick. The meliai hits you but does no damage.
You block the meliai's attack. x2
The meliai stings you but does no damage.
Unknown command.
You feel better.
The meliai hits you with a +0 hand axe of freezing!
* * * LOW HITPOINT WARNING * * *
The meliai freezes you.
* * * LOW HITPOINT WARNING * * *
You block the meliai's attack. The meliai hits you but does no damage.
The meliai stings you!
* * * LOW HITPOINT WARNING * * *
Unknown command.
You feel better. The meliai barely misses you. The meliai stings you.
* * * LOW HITPOINT WARNING * * *
You block the meliai's attack. x2
Unknown command.
Okay, then.
You can't see any enemies this would affect, really read the scroll of holy word?
Okay, then.
Okay, then.
Okay, then.
It was a potion of berserk rage.
Your stasis prevents you from going berserk.
The meliai calls down the wrath of its god upon you.
Something smites you!
You die...

*,,,,,,,*** *,**,**,,,,
*,**,**,,** #########
*,**,,,,,,, #.......#
*#####,*****,,*, #.......####
####.....,,,,,,,,** #..........#
#.....#***,****,,,,
#.......#..###.....###*,* **,,,
#......#.#.....@)....#*,* ****
#...)..###.###..y..#.#*,*
#...)......# #.....#,**,*
####......## ####.....,,*###
##)#.####.# ***###.#**##.#
#.#..####.#****,,,....# #)##
####...##.#*,,,,,**#..####.#####
#.#.##.#*,,,,,*##............
#.#.##.#*,,,,.,.....#..8..#..


You could see a meliai.

Vanquished Creatures
  2 meliai (D:9)
  A hornet (D:8)
  A wraith (D:9)
  2 steam dragons
  The ghost of horus123 the Magician, an amateur DjCA of Ignis (D:4)
  2 water moccasins (D:8)
  An orc warrior (D:8)
  2 black bears (D:8)
  2 sky beasts (D:5)
  An ice beast (D:3)
  An ogre (D:5)
  2 phantoms (D:5)
  4 centaurs
  3 kobold brigands
  2 scorpions
  2 gnoll sergeants
  2 bullfrogs (D:7)
  3 necrophages
  4 wights (D:7)
  3 killer bees (D:7)
  3 howler monkeys
  3 jellies
  3 hounds
  2 gnoll shamans (D:7)
  An orc priest (D:8)
  Crazy Yiuf (D:4)
  Jessica (D:2)
  3 iguanas
  Natasha (D:2)
  6 orc wizards
  12 adders
  21 gnolls
  6 river rats
  4 shadow imps
  2 white imps (D:5)
  An ufetubus (D:3)
  A dart slug (D:4)
  A worm (D:4)
  22 orcs
  5 ball pythons
  6 endoplasms
  4 giant cockroaches
  8 goblins
  7 hobgoblins
  9 jackals
  2 quokkas (D:1)
  7 bats
  3 frilled lizards
  12 kobolds
  14 rats
212 creatures vanquished.

Vanquished Creatures (collateral kills)
  An orc priest (D:6)
  An adder (D:6)
2 creatures vanquished.

Vanquished Creatures (others)
  A fungus (D:4)
1 creature vanquished.

Grand Total: 215 creatures vanquished

Notes
Turn   | Place    | Note
-------+----------+-------------------------------------------
     0 | D:1      | Warped the Formicid Fighter began the quest for the Orb.
     0 | D:1      | Reached XP level 1. HP: 18/18 MP: 1/1
   279 | D:1      | Found Cefrepli's Jewellery Shop.
   307 | D:1      | Reached XP level 2. HP: 23/24 MP: 2/2
   370 | D:1      | Reached skill level 3 in Staves
   683 | D:1      | Reached XP level 3. HP: 25/29 MP: 3/3
   732 | D:1      | Found a faded altar of an unknown god.
  1306 | D:2      | Noticed Jessica
  1312 | D:2      | Killed Jessica
  1313 | D:2      | Reached skill level 4 in Staves
  1313 | D:2      | Reached XP level 4. HP: 27/35 MP: 4/4
  1951 | D:2      | Reached XP level 5. HP: 41/41 MP: 5/5
  2038 | D:2      | Noticed Natasha
  2048 | D:2      | Killed Natasha
  2049 | D:2      | Reached skill level 5 in Staves
  2570 | D:3      | Identified the +0 plate armour of Niuff {-Tele Str+3 SInv}
  3033 | D:3      | Noticed an ice beast
  3042 | D:3      | Killed an ice beast
  3043 | D:3      | Reached XP level 6. HP: 47/47 MP: 6/6
  3314 | D:4      | Reached skill level 6 in Staves
  3456 | D:4      | Reached XP level 7. HP: 26/52 MP: 7/7
  3735 | D:4      | Found a runed translucent door.
  4065 | D:4      | Reached skill level 7 in Staves
  4309 | D:4      | Found a runed translucent door.
  4310 | D:4      | Noticed Crazy Yiuf
  4323 | D:4      | Killed Crazy Yiuf
  4439 | D:4      | Noticed horus123's ghost (amateur DjCA)
  4712 | D:5      | Entered Level 5 of the Dungeon
  4761 | D:5      | Found a glowing drain.
  4834 | Sewer    | Entered a sewer
  4840 | Sewer    | Reached skill level 5 in Armour
  4962 | Sewer    | Reached XP level 8. HP: 51/54 MP: 8/8
  4972 | Sewer    | Reached skill level 1 in Dodging
  5042 | Sewer    | Found a glowing silver altar of Zin.
  5358 | D:5      | Found Tysirieg's Assorted Antiques.
  5769 | D:5      | Reached skill level 8 in Staves
  5932 | D:5      | Bought a scroll labelled JAHAOKEANOE for 17 gold pieces
  5932 | D:5      | Bought a potion of heal wounds for 85 gold pieces
  5932 | D:5      | Bought a scroll of enchant weapon for 127 gold pieces
  6267 | D:6      | Reached XP level 9. HP: 42/67 MP: 9/9
  6482 | D:6      | Reached skill level 5 in Fighting
  6752 | D:6      | You fall into a shaft and drop 3 floors!
  6752 | D:9      | Noticed a meliai
  6752 | D:9      | Noticed a meliai
  6752 | D:9      | Found a flagged portal.
  6755 | D:9      | You fall into a shaft and drop 1 floor!
  6755 | D:10     | Entered Level 10 of the Dungeon
  6762 | D:10     | Found Hilaafol's Weapon Shoppe.
  7056 | D:8      | Reached skill level 9 in Staves
  7087 | D:8      | Identified a scroll of acquirement
  7087 | D:8      | Acquired 983 gold pieces
  7120 | D:7      | Found a burning altar of Makhleb.
  7133 | D:7      | Became a worshipper of Makhleb the Destroyer
  7983 | D:5      | Bought a puce potion for 15 gold pieces
  8105 | D:1      | Bought an amulet of reflection for 360 gold pieces
  8188 | D:4      | Killed horus123's ghost
  8374 | D:7      | Reached * piety under Makhleb
  8453 | D:7      | Found a staircase to the Ecumenical Temple.
  8462 | D:7      | Reached XP level 10. HP: 66/69 MP: 10/10
  8692 | D:7      | Reached skill level 10 in Staves
  8817 | Temple   | Entered the Ecumenical Temple
  9464 | D:8      | Reached skill level 5 in Dodging
  9594 | D:8      | Reached ** piety under Makhleb
  9817 | D:9      | Found the +9 staff of Olgreb {rPois∞}
  9820 | D:9      | Found a runed translucent door.
  9876 | D:9      | Identified the +3 war axe of Muor {vorpal, rElec Int-4
                  | Dex+7}
  9895 | D:9      | Reached skill level 11 in Staves
 10284 | D:9      | HP: 1/47 [meliai/+0 hand axe of freezing (7)]
 10286 | D:9      | Killed from afar by a meliai

Illustrated notes

Levels and vault maps discovered:
D:1:      elethiomel_arrival_diamonds, layout_basic, serial_shops, shop_statue,
          hellmonk_ecumenical_altar_zigzags
D:2:      layout_loops_ring, kennysheep_generic_room_3, uniq_jessica,
          uniq_natasha
D:3:      layout_basic
D:4:      layout_basic, ebering_ghost_sewer_d, uniq_crazy_yiuf_cottage
D:5:      layout_gridville, serial_shops, nicolae_shop_window_shopping,
          portal_sewer_entry_a, nicolae_elevator_lobby_plus
D:6:      layout_basic, corexii_corridor_pit
D:7:      layout_gridville, makhleb_blood_cavern_becter,
          minmay_temple_entry_antechambers
D:8:      layout_rooms
D:9:      layout_loops_cross, enter_bailey_2, mrwooster_statue_mirror,
          minmay_guarded_unrand_staff_of_olgreb
D:10:     lemuel_troll_bridge, layout_long_grid, erik_lair_island,
          nicolae_inconvenience_store, minmay_rotating_lava
Temple:   grunt_wide_crystal_templ

Skill      XL: |  1  2  3  4  5  6  7  8  9 10 |
---------------+-------------------------------+-----
Staves         | 3 4 5 6 7 8 9 11 | 11.2
Armour         | 4 5 6 7 8 |  8.3
Dodging        | 2 4 5 |  5.5
Fighting       | 4 5 |  5.6
Shields        | 4 |  4.3

Action                   |  1- 3 |  4- 6 |  7- 9 | 10-12 || total
-------------------------+-------+-------+-------+-------++-------
Melee: Quarterstaff      |   106 |   146 |   314 |   128 ||   694
Throw: Dart              |       |       |     6 |       ||     6
 Abil: Dig               |       |     1 |     8 |     7 ||    16
       Shaft Self        |       |       |     1 |       ||     1
  Use: Scroll            |       |     1 |    22 |     2 ||    25
       Potion            |       |     1 |     3 |    10 ||    14
 Stab: Paralysed         |       |       |     1 |       ||     1
Armor: Scale mail        |    46 |    24 |       |       ||    70
       Plate armour      |       |    49 |   163 |    83 ||   295
Dodge: Dodged            |    50 |    59 |    89 |    69 ||   267
Block: Buckler           |    28 |    24 |    69 |   128 ||   249
       Reflection        |       |       |       |     6 ||     6

Table legend: (Time is in decaauts)
 A = Elapsed time spent in this place.
 B = Non-inter-level travel time spent in this place.
 C = Inter-level travel time spent in this place.
 D = Time resting spent in this place.
 E = Time spent auto-exploring this place.
 F = Levels seen in this place.
 G = Mean time per level.
                   A        B        C        D        E       F      G
               +--------+--------+--------+--------+--------+-----+--------+
         Total |  10314 |   9689 |    625 |   1707 |   5783 |  12 |  859.5 |
       Dungeon |   9994 |   9369 |    625 |   1670 |   5649 |  10 |  999.4 |
        Temple |      1 |      1 |      0 |      0 |      0 |   1 |    1.0 |
         Sewer |    318 |    318 |      0 |     37 |    134 |   1 |  318.0 |
               +--------+--------+--------+--------+--------+-----+--------+

Top non-repeatable levels by time:
     D:4: 1486 daAuts
     D:5: 1317 daAuts
     D:1: 1316 daAuts
     D:7: 1266 daAuts
     D:2: 1228 daAuts
     D:6: 1093 daAuts
     D:3: 888 daAuts
     D:8: 690 daAuts
     D:9: 517 daAuts
   Sewer: 318 daAuts
    D:10: 190 daAuts
  Temple: 1 daAuts
